Connexion

NEW YORK Islanders vs PHILADELPHIA Flyers (R3)

Created - 17 mars 2024 at 08:03

Goals
1 2 3 T
NEW YORK Islanders 0 1 2 3
PHILADELPHIA Flyers 2 1 1 4
Shots
1 2 3 T
NEW YORK Islanders 11 12 5 28
PHILADELPHIA Flyers 18 8 5 31

GoalsPenalties
1st period
1. PHILADELPHIA Flyers , Oscar Klefbom 10 (Pavel Buchnevich 30, Vincent Hinostroza 42) at 5:09 (PP)
2. PHILADELPHIA Flyers , Haydn Fleury 8 (Tim Stutzle 11, Jordan Staal 21) at 10:34
Anthony Duclair (NYI) for Hooking (Minor) at 4:59
Kevin Shattenkirk (NYI) for Holding (Minor) at 10:41
Tj Brodie (PHI) for Cross-checking (Minor) at 13:57
Brandon Montour (PHI) for Hooking (Minor) at 17:32
Kyle Palmieri (NYI) for Hooking (Minor) at 17:32
T.J. Oshie (PHI) for Tripping (Minor) at 18:36
2nd period
3. NEW YORK Islanders , Kyle Palmieri 39 (Jeff Skinner 54, Kevin Shattenkirk 47) at 12:00
4. PHILADELPHIA Flyers , Vincent Hinostroza 19 (Austin Czarnik 50, Adam Fox 57) at 19:33
Brandon Montour (PHI) for High sticking (Minor) at 7:14
Pavel Buchnevich (PHI) for Interference (Minor) at 11:18
Josh Bailey (NYI) for Hooking (Minor) at 11:18
3rd period
5. PHILADELPHIA Flyers , Tomas Tatar 14 (Oscar Klefbom 41, Charlie Coyle 26) at 1:57
6. NEW YORK Islanders , Brendan Leipsic 9 (Vincent Trocheck 21, Nikolai Knyzhov 22) at 3:01
7. NEW YORK Islanders , Nikolai Knyzhov 4 (Patrik Laine 21, Kevin Shattenkirk 48) at 14:16
Marco Scandella (NYI) for High sticking (Minor) at 4:33
Riley Stillman (NYI) for Slashing (Minor) at 9:28
Pavel Buchnevich (PHI) for Tripping (Minor) at 12:57
Marco Scandella (NYI) for Holding (Minor) at 12:57
Goalie Stats
Logan Thompson (NYI), 27 saves from 31 shots - (0,871), L, 21-17-1, 59:05 minutes
Stuart Skinner (PHI), 25 saves from 28 shots - (0,893), W, 33-24-6, 60:00 minutes
3 StarsOfficial
1 - Nikolai Knyzhov (NYI)
2 - Vincent Hinostroza (PHI)
3 - Haydn Fleury (PHI)
Referees : Eric Furlatt and Tim Peel
Linesman : Tim Nowak and Scott Driscoll
Game Note
No Game Note
Finance
Level 1 -- Attendance: 5773 (96,22%) -- Ticket Income $779,355
Level 2 -- Attendance: 5167 (79,04%) -- Ticket Income $413,360
Level 3 -- Attendance: 1594 (79,70%) -- Ticket Income $95,640
Level 4 -- Attendance: 3736 (93,40%) -- Ticket Income $130,760
Luxury Box -- Attendance: 585 (58,50%) -- Ticket Income $222,300
Game was played at the Whells Fargot Center.
Total Attendance: 16855 (86,27%)
Total Ticket Income: $1,641,415
Other Income: $328,283
Total Income: $1,969,698



Team Name Goals Shots Shots Attemp Shots Blocked PIM HIT PP PK FO%
NEW YORK Islanders 328491314220 / 3 (0%)149%
PHILADELPHIA Flyers 43163812211 / 4 (25%)051%

NEW YORK Islanders
Player Name POS G A P +/- PIM HIT SHT SB MP PP MP PP SHT PK MP PK SHT FO% FOT
Adam HenriqueC/LW000-1013119:003:0501:36167% 6
Adam PelechD000-1020221:511:4003:3700% 0
Alexander RadulovRW000000007:400:0000:0000% 1
Anthony DuclairLW/RW000-1212114:231:5700:0000% 1
Brendan LeipsicC/LW101100109:580:0000:0000% 0
Brendan LemieuxLW000002018:290:0000:4900% 0
Calle RosenD000-1011121:391:4013:2500% 0
Ilya MikheyevRW0001002012:200:0000:4900% 0
Jeff SkinnerC/LW011-1003023:203:0503:42065% 31
Josh BaileyC/LW/RW000-1204013:391:5710:00044% 16
Kevin ShattenkirkD0221221125:113:2211:2500% 0
Kyle PalmieriRW101-1254022:093:0513:42033% 9
Marco ScandellaD0000411125:223:2201:5000% 0
Nicklas BackstromC000001008:290:0000:00025% 4
Nikolai KnyzhovD1121011312:450:0000:0000% 0
Patrik LaineLW/RW0110013016:401:5711:36050% 2
Riley StillmanD0000210213:080:0001:5700% 0
Vincent TrocheckC0111032011:460:0000:00036% 11
PHILADELPHIA Flyers
Player Name POS G A P +/- PIM HIT SHT SB MP PP MP PP SHT PK MP PK SHT FO% FOT
Adam FoxD0111021324:372:2602:1600% 0
Austin CzarnikC/RW0110023123:562:3013:58053% 36
Brandon MontourD000-2410119:063:4101:4700% 0
Carl GrundstromRW000-101005:520:0000:0000% 0
Charlie CoyleC/RW0110001114:383:3600:0000% 1
Haydn FleuryD1011011014:220:0100:0000% 0
Jordan StaalC0111021013:320:0100:00050% 12
Kasperi KapanenLW/RW0001002013:230:0100:420100% 1
Matt RoyD0001010016:250:0002:2700% 0
Oscar KlefbomD112-2005221:253:4143:4100% 0
Pavel BuchnevichLW/RW0111432018:052:3001:43071% 7
Seth JarvisC/LW/RW000-100205:520:0000:00033% 3
T.J. OshieC/LW/RW0000241016:463:3601:15042% 19
Tim StutzleC/LW0111012012:410:0100:0000% 0
Tj BrodieD0001200024:022:2501:4300% 0
Tomas TatarLW/RW1011017014:073:3610:0000% 1
Vincent HinostrozaC/RW1120023023:192:3003:210100% 1
Zach PariseC/LW000-100005:520:0000:0000% 0



Play-by-Play

1st period


0:01 of 1st period - Pavel Buchnevich wins face-off versus Jeff Skinner in neutral zone.
0:06 of 1st period - Shot by Austin Czarnik.
0:06 of 1st period - Deflect By Pavel Buchnevich.
0:06 of 1st period - Shot Misses the Net.
0:18 of 1st period - Shot by Austin Czarnik.
0:18 of 1st period - Shot Misses the Net.
0:20 of 1st period - Shot by Pavel Buchnevich.
0:20 of 1st period - Shot Misses the Net.
0:22 of 1st period - Shot by Adam Fox.
0:22 of 1st period - Stopped by Logan Thompson without a rebound.
0:23 of 1st period - T.J. Oshie wins face-off versus Josh Bailey in NEW YORK Islanders zone.
0:42 of 1st period - Shot by Charlie Coyle.
0:42 of 1st period - Stopped by Logan Thompson with a rebound.
0:44 of 1st period - Shot by T.J. Oshie.
0:44 of 1st period - Shot Blocked by Adam Pelech.
0:46 of 1st period - Shot by Tomas Tatar.
0:46 of 1st period - Stopped by Logan Thompson without a rebound.
0:47 of 1st period - Vincent Trocheck wins face-off versus Jordan Staal in NEW YORK Islanders zone.
1:15 of 1st period - Ilya Mikheyev is hit by Jordan Staal.
1:58 of 1st period - Shot by Jeff Skinner.
1:58 of 1st period - Stopped by Stuart Skinner without a rebound.
1:59 of 1st period - Austin Czarnik wins face-off versus Nicklas Backstrom in PHILADELPHIA Flyers zone.
2:10 of 1st period - Shot by Vincent Hinostroza.
2:10 of 1st period - Shot Blocked by Brendan Lemieux.
2:12 of 1st period - Shot by Adam Fox.
2:12 of 1st period - Shot Blocked by Adam Pelech.
2:14 of 1st period - Shot by Vincent Hinostroza.
2:14 of 1st period - Stopped by Logan Thompson without a rebound.
2:15 of 1st period - Patrik Laine wins face-off versus Tomas Tatar in NEW YORK Islanders zone.
2:49 of 1st period - Shot by Josh Bailey.
2:49 of 1st period - Shot Misses the Net.
3:26 of 1st period - Icing by Adam Pelech.
3:27 of 1st period - Jeff Skinner wins face-off versus Seth Jarvis in NEW YORK Islanders zone.
3:56 of 1st period - Shot by Adam Pelech.
3:56 of 1st period - Shot Blocked by Adam Fox.
4:09 of 1st period - Icing by Adam Fox.
4:10 of 1st period - Seth Jarvis wins face-off versus Alexander Radulov in PHILADELPHIA Flyers zone.
4:19 of 1st period - Shot by Seth Jarvis.
4:19 of 1st period - Shot Misses the Net.
4:59 of 1st period - Minor Penalty to Anthony Duclair for Hooking.
5:00 of 1st period - Pavel Buchnevich wins face-off versus Kyle Palmieri in NEW YORK Islanders zone.
5:05 of 1st period - Shot by Oscar Klefbom.
5:05 of 1st period - Stopped by Logan Thompson with a rebound.
5:07 of 1st period - Shot by Pavel Buchnevich.
5:07 of 1st period - Shot Misses the Net.
5:09 of 1st period - Shot by Oscar Klefbom.
5:09 of 1st period - Goal by Oscar Klefbom - NEW YORK Islanders : 0 - PHILADELPHIA Flyers : 1.
5:10 of 1st period - T.J. Oshie wins face-off versus Josh Bailey in neutral zone.
5:19 of 1st period - Shot by Josh Bailey.
5:19 of 1st period - Shot Misses the Net.
5:21 of 1st period - Shot by Anthony Duclair.
5:21 of 1st period - Stopped by Stuart Skinner with a rebound.
5:23 of 1st period - Shot by Josh Bailey.
5:23 of 1st period - Stopped by Stuart Skinner without a rebound.
5:24 of 1st period - Jeff Skinner wins face-off versus Austin Czarnik in PHILADELPHIA Flyers zone.
5:25 of 1st period - Shot by Kyle Palmieri.
5:25 of 1st period - Stopped by Stuart Skinner without a rebound.
5:26 of 1st period - Jeff Skinner wins face-off versus Austin Czarnik in PHILADELPHIA Flyers zone.
6:03 of 1st period - Shot by Pavel Buchnevich.
6:03 of 1st period - Stopped by Logan Thompson without a rebound.
6:04 of 1st period - T.J. Oshie wins face-off versus Vincent Trocheck in NEW YORK Islanders zone.
6:32 of 1st period - Shot by T.J. Oshie.
6:32 of 1st period - Stopped by Logan Thompson without a rebound.
6:33 of 1st period - Josh Bailey wins face-off versus Jordan Staal in NEW YORK Islanders zone.
7:02 of 1st period - Shot by Kasperi Kapanen.
7:02 of 1st period - Stopped by Logan Thompson with a rebound.
7:22 of 1st period - Off-side.
7:23 of 1st period - Jeff Skinner wins face-off versus Austin Czarnik in neutral zone.
7:57 of 1st period - Icing by Tj Brodie.
7:58 of 1st period - Austin Czarnik wins face-off versus Vincent Trocheck in PHILADELPHIA Flyers zone.
8:21 of 1st period - Tj Brodie is hit by Vincent Trocheck and loses puck.
8:30 of 1st period - Shot by Adam Pelech.
8:30 of 1st period - Deflect By Vincent Trocheck.
8:30 of 1st period - Shot Misses the Net.
8:45 of 1st period - Calle Rosen is hit by Pavel Buchnevich.
9:06 of 1st period - Ilya Mikheyev is hit by Pavel Buchnevich and loses puck.
9:49 of 1st period - Shot by Jeff Skinner.
9:49 of 1st period - Stopped by Stuart Skinner without a rebound.
9:50 of 1st period - Jordan Staal wins face-off versus Josh Bailey in PHILADELPHIA Flyers zone.
9:50 of 1st period - Jordan Staal is hit by Anthony Duclair.
10:00 of 1st period - Shot by Jordan Staal.
10:00 of 1st period - Stopped by Logan Thompson with a rebound.
10:02 of 1st period - Shot by Jordan Staal.
10:02 of 1st period - Shot Blocked by Nikolai Knyzhov.
10:19 of 1st period - Kasperi Kapanen is hit by Riley Stillman and loses puck.
10:32 of 1st period - Shot by Tim Stutzle.
10:32 of 1st period - Stopped by Logan Thompson with a rebound.
10:34 of 1st period - Shot by Haydn Fleury.
10:34 of 1st period - Goal by Haydn Fleury - NEW YORK Islanders : 0 - PHILADELPHIA Flyers : 2.
10:35 of 1st period - T.J. Oshie wins face-off versus Jeff Skinner in neutral zone.
10:37 of 1st period - Oscar Klefbom is hit by Kevin Shattenkirk and loses puck.
10:41 of 1st period - Minor Penalty to Kevin Shattenkirk for Holding.
10:42 of 1st period - Kyle Palmieri wins face-off versus T.J. Oshie in NEW YORK Islanders zone.
10:51 of 1st period - Shot by Oscar Klefbom.
10:51 of 1st period - Stopped by Logan Thompson without a rebound.
10:52 of 1st period - T.J. Oshie wins face-off versus Kyle Palmieri in NEW YORK Islanders zone.
11:07 of 1st period - Shot by Oscar Klefbom.
11:07 of 1st period - Stopped by Logan Thompson without a rebound.
11:08 of 1st period - Austin Czarnik wins face-off versus Kyle Palmieri in NEW YORK Islanders zone.
11:09 of 1st period - Shot by Vincent Hinostroza.
11:09 of 1st period - Deflect By Pavel Buchnevich.
11:09 of 1st period - Shot Misses the Net.
11:31 of 1st period - Tj Brodie is hit by Kyle Palmieri and loses puck.
12:02 of 1st period - Oscar Klefbom is hit by Kyle Palmieri and loses puck.
12:23 of 1st period - Shot by Adam Henrique.
12:23 of 1st period - Stopped by Stuart Skinner without a rebound.
12:24 of 1st period - Adam Henrique wins face-off versus T.J. Oshie in PHILADELPHIA Flyers zone.
12:50 of 1st period - Shot by Carl Grundstrom.
12:50 of 1st period - Shot Misses the Net.
13:22 of 1st period - Shot by Seth Jarvis.
13:22 of 1st period - Stopped by Logan Thompson without a rebound.
13:23 of 1st period - Austin Czarnik wins face-off versus Anthony Duclair in NEW YORK Islanders zone.
13:26 of 1st period - Shot by Vincent Hinostroza.
13:26 of 1st period - Deflect By Austin Czarnik.
13:26 of 1st period - Stopped by Logan Thompson without a rebound.
13:27 of 1st period - Jeff Skinner wins face-off versus Austin Czarnik in NEW YORK Islanders zone.
13:31 of 1st period - Adam Pelech is hit by Vincent Hinostroza and loses puck.
13:57 of 1st period - Minor Penalty to Tj Brodie for Cross-checking.
13:58 of 1st period - Austin Czarnik wins face-off versus Josh Bailey in PHILADELPHIA Flyers zone.
14:48 of 1st period - Austin Czarnik is hit by Kyle Palmieri and loses puck.
14:55 of 1st period - Shot by Kyle Palmieri.
14:55 of 1st period - Shot Blocked by Brandon Montour.
15:23 of 1st period - Shot by Calle Rosen.
15:23 of 1st period - Stopped by Stuart Skinner without a rebound.
15:24 of 1st period - Pavel Buchnevich wins face-off versus Josh Bailey in PHILADELPHIA Flyers zone.
15:46 of 1st period - Shot by Josh Bailey.
15:46 of 1st period - Stopped by Stuart Skinner without a rebound.
15:47 of 1st period - Pavel Buchnevich wins face-off versus Jeff Skinner in PHILADELPHIA Flyers zone.
15:47 of 1st period - Pavel Buchnevich is hit by Kyle Palmieri.
16:12 of 1st period - Shot by Ilya Mikheyev.
16:12 of 1st period - Shot Misses the Net.
16:14 of 1st period - Shot by Brendan Leipsic.
16:14 of 1st period - Shot Misses the Net.
16:18 of 1st period - Shot by Ilya Mikheyev.
16:18 of 1st period - Stopped by Stuart Skinner without a rebound.
16:19 of 1st period - Jeff Skinner wins face-off versus Charlie Coyle in PHILADELPHIA Flyers zone.
16:29 of 1st period - Haydn Fleury is hit by Adam Pelech and loses puck.
16:36 of 1st period - Shot by Tomas Tatar.
16:36 of 1st period - Stopped by Logan Thompson without a rebound.
16:37 of 1st period - Josh Bailey wins face-off versus Jordan Staal in NEW YORK Islanders zone.
17:01 of 1st period - Shot by Jordan Staal.
17:01 of 1st period - Shot Misses the Net.
17:17 of 1st period - Shot by Patrik Laine.
17:17 of 1st period - Stopped by Stuart Skinner with a rebound.
17:19 of 1st period - Shot by Josh Bailey.
17:19 of 1st period - Stopped by Stuart Skinner without a rebound.
17:20 of 1st period - T.J. Oshie wins face-off versus Jeff Skinner in PHILADELPHIA Flyers zone.
17:32 of 1st period - Minor Penalty to Brandon Montour for Hooking.
17:32 of 1st period - Minor Penalty to Kyle Palmieri for Hooking.
17:33 of 1st period - Austin Czarnik wins face-off versus Vincent Trocheck in PHILADELPHIA Flyers zone.
17:52 of 1st period - Shot by Vincent Hinostroza.
17:52 of 1st period - Stopped by Logan Thompson without a rebound.
17:53 of 1st period - Austin Czarnik wins face-off versus Vincent Trocheck in NEW YORK Islanders zone.
18:36 of 1st period - Minor Penalty to T.J. Oshie for Tripping.
18:37 of 1st period - Austin Czarnik wins face-off versus Nicklas Backstrom in PHILADELPHIA Flyers zone.
18:37 of 1st period - Austin Czarnik is hit by Nicklas Backstrom.
19:46 of 1st period - Patrik Laine is hit by Adam Fox and loses puck.
Goals for this period are 0 for NEW YORK Islanders vs 2 for PHILADELPHIA Flyers.
Shots for this period are 11 for NEW YORK Islanders vs 18 for PHILADELPHIA Flyers.

2nd period


0:01 of 2nd period - Jeff Skinner wins face-off versus Austin Czarnik in neutral zone.
0:01 of 2nd period - Marco Scandella is hit by Austin Czarnik and loses puck.
1:12 of 2nd period - Shot by Josh Bailey.
1:12 of 2nd period - Deflect By Patrik Laine.
1:12 of 2nd period - Stopped by Stuart Skinner without a rebound.
1:13 of 2nd period - Jordan Staal wins face-off versus Vincent Trocheck in PHILADELPHIA Flyers zone.
2:04 of 2nd period - Icing by Tim Stutzle.
2:05 of 2nd period - Kasperi Kapanen wins face-off versus Jeff Skinner in PHILADELPHIA Flyers zone.
2:05 of 2nd period - Tim Stutzle is hit by Adam Henrique and loses puck.
2:12 of 2nd period - Shot by Adam Henrique.
2:12 of 2nd period - Stopped by Stuart Skinner without a rebound.
2:13 of 2nd period - Jeff Skinner wins face-off versus Austin Czarnik in PHILADELPHIA Flyers zone.
2:30 of 2nd period - Off-side.
2:31 of 2nd period - Josh Bailey wins face-off versus T.J. Oshie in neutral zone.
2:31 of 2nd period - Josh Bailey is hit by T.J. Oshie.
2:39 of 2nd period - Josh Bailey is hit by Haydn Fleury.
3:05 of 2nd period - Shot by Tomas Tatar.
3:05 of 2nd period - Stopped by Logan Thompson without a rebound.
3:06 of 2nd period - Jeff Skinner wins face-off versus Austin Czarnik in NEW YORK Islanders zone.
3:06 of 2nd period - Jeff Skinner is hit by Vincent Hinostroza.
3:09 of 2nd period - Icing by Adam Henrique.
3:10 of 2nd period - Jeff Skinner wins face-off versus Austin Czarnik in NEW YORK Islanders zone.
3:35 of 2nd period - Shot by Vincent Hinostroza.
3:35 of 2nd period - Shot Misses the Net.
4:19 of 2nd period - Shot by Oscar Klefbom.
4:19 of 2nd period - Stopped by Logan Thompson without a rebound.
4:20 of 2nd period - Vincent Trocheck wins face-off versus Seth Jarvis in NEW YORK Islanders zone.
4:20 of 2nd period - Vincent Trocheck is hit by Carl Grundstrom.
4:49 of 2nd period - Seth Jarvis is hit by Vincent Trocheck and loses puck.
5:19 of 2nd period - Shot by Brandon Montour.
5:19 of 2nd period - Shot Misses the Net.
5:35 of 2nd period - Shot by Tomas Tatar.
5:35 of 2nd period - Stopped by Logan Thompson without a rebound.
5:36 of 2nd period - Austin Czarnik wins face-off versus Josh Bailey in NEW YORK Islanders zone.
5:41 of 2nd period - Icing by Marco Scandella.
5:42 of 2nd period - Austin Czarnik wins face-off versus Josh Bailey in NEW YORK Islanders zone.
5:49 of 2nd period - Shot by Pavel Buchnevich.
5:49 of 2nd period - Shot Misses the Net.
6:07 of 2nd period - Shot by Josh Bailey.
6:07 of 2nd period - Shot Misses the Net.
6:09 of 2nd period - Shot by Patrik Laine.
6:09 of 2nd period - Deflect By Anthony Duclair.
6:09 of 2nd period - Shot Misses the Net.
6:11 of 2nd period - Shot by Marco Scandella.
6:11 of 2nd period - Stopped by Stuart Skinner with a rebound.
6:13 of 2nd period - Shot by Josh Bailey.
6:13 of 2nd period - Stopped by Stuart Skinner with a rebound.
6:17 of 2nd period - Shot by Patrik Laine.
6:17 of 2nd period - Shot Blocked by Austin Czarnik.
6:19 of 2nd period - Shot by Marco Scandella.
6:19 of 2nd period - Shot Blocked by Adam Fox.
6:21 of 2nd period - Shot by Josh Bailey.
6:21 of 2nd period - Shot Blocked by Adam Fox.
6:54 of 2nd period - Icing by Adam Henrique.
6:55 of 2nd period - Jeff Skinner wins face-off versus T.J. Oshie in NEW YORK Islanders zone.
7:00 of 2nd period - Shot by Kyle Palmieri.
7:00 of 2nd period - Stopped by Stuart Skinner without a rebound.
7:01 of 2nd period - T.J. Oshie wins face-off versus Nicklas Backstrom in PHILADELPHIA Flyers zone.
7:08 of 2nd period - Oscar Klefbom is hit by Brendan Lemieux and loses puck.
7:14 of 2nd period - Minor Penalty to Brandon Montour for High sticking.
7:15 of 2nd period - Jeff Skinner wins face-off versus Austin Czarnik in PHILADELPHIA Flyers zone.
7:37 of 2nd period - Shot by Jeff Skinner.
7:37 of 2nd period - Deflect By Kyle Palmieri.
7:37 of 2nd period - Shot Misses the Net.
7:39 of 2nd period - Shot by Kyle Palmieri.
7:39 of 2nd period - Stopped by Stuart Skinner without a rebound.
7:40 of 2nd period - Josh Bailey wins face-off versus Pavel Buchnevich in PHILADELPHIA Flyers zone.
7:41 of 2nd period - Shot by Patrik Laine.
7:41 of 2nd period - Stopped by Stuart Skinner without a rebound.
7:42 of 2nd period - Pavel Buchnevich wins face-off versus Josh Bailey in PHILADELPHIA Flyers zone.
7:52 of 2nd period - Off-side.
7:53 of 2nd period - Austin Czarnik wins face-off versus Kyle Palmieri in neutral zone.
7:56 of 2nd period - Shot by Austin Czarnik.
7:56 of 2nd period - Shot Blocked by Kevin Shattenkirk.
8:01 of 2nd period - Off-side.
8:02 of 2nd period - Jeff Skinner wins face-off versus Austin Czarnik in neutral zone.
8:07 of 2nd period - Shot by Kevin Shattenkirk.
8:07 of 2nd period - Stopped by Stuart Skinner without a rebound.
8:08 of 2nd period - Jeff Skinner wins face-off versus Austin Czarnik in PHILADELPHIA Flyers zone.
8:08 of 2nd period - Kyle Palmieri is hit by Adam Fox and loses puck.
9:24 of 2nd period - Icing by Adam Fox.
9:25 of 2nd period - Jordan Staal wins face-off versus Patrik Laine in PHILADELPHIA Flyers zone.
10:08 of 2nd period - Shot by Anthony Duclair.
10:08 of 2nd period - Stopped by Stuart Skinner without a rebound.
10:09 of 2nd period - Vincent Trocheck wins face-off versus Austin Czarnik in PHILADELPHIA Flyers zone.
10:14 of 2nd period - Shot by Vincent Trocheck.
10:14 of 2nd period - Stopped by Stuart Skinner without a rebound.
10:15 of 2nd period - Jeff Skinner wins face-off versus Austin Czarnik in PHILADELPHIA Flyers zone.
10:18 of 2nd period - Shot by Jeff Skinner.
10:18 of 2nd period - Shot Misses the Net.
10:20 of 2nd period - Shot by Marco Scandella.
10:20 of 2nd period - Shot Blocked by Oscar Klefbom.
10:22 of 2nd period - Shot by Kyle Palmieri.
10:22 of 2nd period - Deflect By Jeff Skinner.
10:22 of 2nd period - Stopped by Stuart Skinner without a rebound.
10:23 of 2nd period - Adam Henrique wins face-off versus Austin Czarnik in PHILADELPHIA Flyers zone.
10:23 of 2nd period - Jeff Skinner is hit by Brandon Montour and loses puck.
10:32 of 2nd period - Shot by Pavel Buchnevich.
10:32 of 2nd period - Stopped by Logan Thompson without a rebound.
10:33 of 2nd period - Jeff Skinner wins face-off versus T.J. Oshie in NEW YORK Islanders zone.
10:33 of 2nd period - Jeff Skinner is hit by T.J. Oshie.
10:36 of 2nd period - Kyle Palmieri is hit by T.J. Oshie and loses puck.
10:53 of 2nd period - Shot by Tomas Tatar.
10:53 of 2nd period - Stopped by Logan Thompson without a rebound.
10:54 of 2nd period - Josh Bailey wins face-off versus Austin Czarnik in NEW YORK Islanders zone.
11:18 of 2nd period - Minor Penalty to Pavel Buchnevich for Interference.
11:18 of 2nd period - Minor Penalty to Josh Bailey for Hooking.
11:19 of 2nd period - Austin Czarnik wins face-off versus Kyle Palmieri in neutral zone.
11:19 of 2nd period - Oscar Klefbom is hit by Kyle Palmieri and loses puck.
12:00 of 2nd period - Shot by Kyle Palmieri.
12:00 of 2nd period - Goal by Kyle Palmieri - NEW YORK Islanders : 1 - PHILADELPHIA Flyers : 2.
12:01 of 2nd period - Jordan Staal wins face-off versus Adam Henrique in neutral zone.
12:26 of 2nd period - Jordan Staal is hit by Patrik Laine and loses puck.
13:27 of 2nd period - Shot by Brendan Leipsic.
13:27 of 2nd period - Shot Misses the Net.
13:29 of 2nd period - Shot by Ilya Mikheyev.
13:29 of 2nd period - Shot Misses the Net.
13:34 of 2nd period - Vincent Trocheck is hit by Matt Roy and loses puck.
16:00 of 2nd period - Shot by Vincent Hinostroza.
16:00 of 2nd period - Shot Misses the Net.
16:34 of 2nd period - Shot by Seth Jarvis.
16:34 of 2nd period - Shot Misses the Net.
16:36 of 2nd period - Shot by Seth Jarvis.
16:36 of 2nd period - Stopped by Logan Thompson without a rebound.
16:37 of 2nd period - Jeff Skinner wins face-off versus T.J. Oshie in NEW YORK Islanders zone.
17:26 of 2nd period - Icing by Adam Pelech.
17:27 of 2nd period - Jeff Skinner wins face-off versus Austin Czarnik in NEW YORK Islanders zone.
17:27 of 2nd period - Jeff Skinner is hit by Pavel Buchnevich.
17:47 of 2nd period - Shot by Pavel Buchnevich.
17:47 of 2nd period - Shot Blocked by Anthony Duclair.
17:53 of 2nd period - Shot by Vincent Hinostroza.
17:53 of 2nd period - Shot Blocked by Riley Stillman.
17:55 of 2nd period - Shot by Pavel Buchnevich.
17:55 of 2nd period - Shot Blocked by Nikolai Knyzhov.
17:57 of 2nd period - Shot by Austin Czarnik.
17:57 of 2nd period - Shot Blocked by Riley Stillman.
18:09 of 2nd period - Icing by Patrik Laine.
18:10 of 2nd period - Josh Bailey wins face-off versus Jordan Staal in NEW YORK Islanders zone.
18:44 of 2nd period - Shot by Tim Stutzle.
18:44 of 2nd period - Stopped by Logan Thompson without a rebound.
18:45 of 2nd period - Vincent Trocheck wins face-off versus T.J. Oshie in NEW YORK Islanders zone.
18:53 of 2nd period - Off-side.
18:54 of 2nd period - Jeff Skinner wins face-off versus Pavel Buchnevich in neutral zone.
18:59 of 2nd period - Icing by Tj Brodie.
19:00 of 2nd period - Austin Czarnik wins face-off versus Jeff Skinner in PHILADELPHIA Flyers zone.
19:33 of 2nd period - Shot by Vincent Hinostroza.
19:33 of 2nd period - Goal by Vincent Hinostroza - NEW YORK Islanders : 1 - PHILADELPHIA Flyers : 3.
19:34 of 2nd period - Josh Bailey wins face-off versus T.J. Oshie in neutral zone.
Goals for this period are 1 for NEW YORK Islanders vs 1 for PHILADELPHIA Flyers.
Shots for this period are 12 for NEW YORK Islanders vs 8 for PHILADELPHIA Flyers.

3rd period


0:01 of 3rd period - Vincent Hinostroza wins face-off versus Jeff Skinner in neutral zone.
0:13 of 3rd period - Pavel Buchnevich is hit by Marco Scandella and loses puck.
0:17 of 3rd period - Icing by Marco Scandella.
0:18 of 3rd period - Jeff Skinner wins face-off versus T.J. Oshie in NEW YORK Islanders zone.
0:18 of 3rd period - Jeff Skinner is hit by Tomas Tatar.
0:29 of 3rd period - Icing by Kyle Palmieri.
0:30 of 3rd period - Austin Czarnik wins face-off versus Jeff Skinner in NEW YORK Islanders zone.
0:33 of 3rd period - Shot by Pavel Buchnevich.
0:33 of 3rd period - Shot Misses the Net.
0:36 of 3rd period - Icing by Marco Scandella.
0:37 of 3rd period - Austin Czarnik wins face-off versus Adam Henrique in NEW YORK Islanders zone.
0:48 of 3rd period - Shot by Austin Czarnik.
0:48 of 3rd period - Shot Blocked by Adam Henrique.
1:05 of 3rd period - Pavel Buchnevich is hit by Kevin Shattenkirk.
1:57 of 3rd period - Shot by Tomas Tatar.
1:57 of 3rd period - Goal by Tomas Tatar - NEW YORK Islanders : 1 - PHILADELPHIA Flyers : 4.
1:58 of 3rd period - Jordan Staal wins face-off versus Josh Bailey in neutral zone.
2:11 of 3rd period - Shot by Tim Stutzle.
2:11 of 3rd period - Shot Misses the Net.
3:01 of 3rd period - Shot by Brendan Leipsic.
3:01 of 3rd period - Goal by Brendan Leipsic - NEW YORK Islanders : 2 - PHILADELPHIA Flyers : 4.
3:02 of 3rd period - Austin Czarnik wins face-off versus Vincent Trocheck in neutral zone.
3:09 of 3rd period - Shot by Vincent Hinostroza.
3:09 of 3rd period - Shot Blocked by Nikolai Knyzhov.
3:15 of 3rd period - Shot by Austin Czarnik.
3:15 of 3rd period - Deflect By Pavel Buchnevich.
3:15 of 3rd period - Shot Misses the Net.
3:17 of 3rd period - Shot by Pavel Buchnevich.
3:17 of 3rd period - Shot Misses the Net.
4:33 of 3rd period - Minor Penalty to Marco Scandella for High sticking.
4:34 of 3rd period - Kyle Palmieri wins face-off versus T.J. Oshie in NEW YORK Islanders zone.
4:34 of 3rd period - Jeff Skinner is hit by T.J. Oshie and loses puck.
4:40 of 3rd period - T.J. Oshie is hit by Adam Pelech and loses puck.
5:01 of 3rd period - Shot by Brandon Montour.
5:01 of 3rd period - Shot Blocked by Calle Rosen.
5:09 of 3rd period - Shot by Tomas Tatar.
5:09 of 3rd period - Stopped by Logan Thompson with a rebound.
6:39 of 3rd period - Shot by Ilya Mikheyev.
6:39 of 3rd period - Stopped by Stuart Skinner with a rebound.
6:41 of 3rd period - Shot by Nikolai Knyzhov.
6:41 of 3rd period - Deflect By Vincent Trocheck.
6:41 of 3rd period - Shot Misses the Net.
7:42 of 3rd period - Shot by Kasperi Kapanen.
7:42 of 3rd period - Stopped by Logan Thompson without a rebound.
7:43 of 3rd period - Nicklas Backstrom wins face-off versus Jordan Staal in NEW YORK Islanders zone.
7:43 of 3rd period - Nicklas Backstrom is hit by Jordan Staal.
8:35 of 3rd period - Brandon Montour is hit by Brendan Lemieux and loses puck.
9:27 of 3rd period - Shot by T.J. Oshie.
9:27 of 3rd period - Shot Misses the Net.
9:28 of 3rd period - Minor Penalty to Riley Stillman for Slashing.
9:29 of 3rd period - Kyle Palmieri wins face-off versus T.J. Oshie in NEW YORK Islanders zone.
9:47 of 3rd period - Icing by Tj Brodie.
9:48 of 3rd period - T.J. Oshie wins face-off versus Kyle Palmieri in PHILADELPHIA Flyers zone.
10:23 of 3rd period - Shot by Austin Czarnik.
10:23 of 3rd period - Stopped by Logan Thompson without a rebound.
10:24 of 3rd period - Adam Henrique wins face-off versus Austin Czarnik in NEW YORK Islanders zone.
10:24 of 3rd period - Adam Henrique is hit by Austin Czarnik.
10:42 of 3rd period - Shot by Pavel Buchnevich.
10:42 of 3rd period - Shot Blocked by Marco Scandella.
11:36 of 3rd period - Kasperi Kapanen is hit by Nikolai Knyzhov and loses puck.
12:14 of 3rd period - Icing by Jordan Staal.
12:15 of 3rd period - Jordan Staal wins face-off versus Vincent Trocheck in PHILADELPHIA Flyers zone.
12:15 of 3rd period - Tim Stutzle is hit by Vincent Trocheck and loses puck.
12:32 of 3rd period - Ilya Mikheyev is hit by Tim Stutzle.
12:57 of 3rd period - Minor Penalty to Pavel Buchnevich for Tripping.
12:57 of 3rd period - Minor Penalty to Marco Scandella for Holding.
12:58 of 3rd period - Austin Czarnik wins face-off versus Jeff Skinner in NEW YORK Islanders zone.
13:04 of 3rd period - Austin Czarnik is hit by Calle Rosen and loses puck.
14:06 of 3rd period - Shot by Patrik Laine.
14:06 of 3rd period - Shot Blocked by Oscar Klefbom.
14:08 of 3rd period - Shot by Adam Henrique.
14:08 of 3rd period - Deflect By Patrik Laine.
14:08 of 3rd period - Shot Blocked by Charlie Coyle.
14:14 of 3rd period - Shot by Patrik Laine.
14:14 of 3rd period - Shot Misses the Net.
14:16 of 3rd period - Shot by Nikolai Knyzhov.
14:16 of 3rd period - Goal by Nikolai Knyzhov - NEW YORK Islanders : 3 - PHILADELPHIA Flyers : 4.
14:17 of 3rd period - Austin Czarnik wins face-off versus Jeff Skinner in neutral zone.
14:26 of 3rd period - Shot by Austin Czarnik.
14:26 of 3rd period - Shot Misses the Net.
18:11 of 3rd period - Shot by Austin Czarnik.
18:11 of 3rd period - Stopped by Logan Thompson without a rebound.
18:12 of 3rd period - Adam Henrique wins face-off versus Jordan Staal in NEW YORK Islanders zone.
19:05 of 3rd period - NEW YORK Islanders, Logan Thompson is pulled from the net.
19:43 of 3rd period - Shot by Vincent Trocheck.
19:43 of 3rd period - Stopped by Stuart Skinner without a rebound.
19:44 of 3rd period - Austin Czarnik wins face-off versus Jeff Skinner in PHILADELPHIA Flyers zone.
19:59 of 3rd period - Shot by Adam Henrique.
19:59 of 3rd period - Stopped by Stuart Skinner with a rebound.
Goals for this period are 2 for NEW YORK Islanders vs 1 for PHILADELPHIA Flyers.
Shots for this period are 5 for NEW YORK Islanders vs 5 for PHILADELPHIA Flyers.